Map: Oxide LE

Players

RiSky - Winner!

  • Race: Zerg Zerg

Ranger

  • Race: Protoss Protoss
  • League: Grandmaster

Event: DreamHack SC2 Masters 2021 Summer

VOD

Have the link to the VOD?

Description

Time

  • Played on: May 19, 2021, 4:15 a.m.
  • Length: 12:02

All games in this series

Show
View Real Time Build Order
Export as new Build Order

RiSky Zerg - Winner!

Build Orders: Hatch First 

Get SALT Encoding   

  12  0:00  Drone  
  13  0:12  Overlord  
  13  0:16  Drone  
  14  0:31  Drone x2  
  16  0:48  Hatchery  
  15  0:51  Drone  
  15  0:54  Drone  
  17  0:58  Drone  
  18  1:08  Extractor  
  17  1:13  Spawning Pool  
  17  1:17  Drone  
  17  1:20  Drone  
  18  1:28  Drone  
  19  1:39  Drone  
  20  1:50  Overlord  
  20  2:00  Queen x2  
  20  2:01  Zergling x4  
  26  2:11  Drone x2  
  26  2:13  Metabolic Boost  
  29  2:22  Drone  
  29  2:23  Drone  
  30  2:36  Drone  
  31  2:39  Hatchery  
  31  2:42  Queen  
  32  2:47  Overlord  
  32  2:50  Drone  
  33  2:55  Drone  
  33  2:56  Drone x2  
  36  3:09  Drone  
  36  3:11  Drone x3  
  39  3:16  Overlord  
  39  3:18  Drone, Queen  
  42  3:23  Drone  
  43  3:32  Drone, Spore Crawler  
  43  3:35  Drone  
  43  3:40  Overlord  
  44  3:42  Drone, Spore Crawler  
  44  3:46  Drone  
  45  3:50  Overlord  
  45  3:51  Drone x2  
  47  3:55  Queen  
  47  3:58  Roach Warren  
  47  4:01  Drone  
  47  4:02  Drone x5  
  54  4:09  Extractor x2  
  52  4:11  Drone, Queen  
  52  4:16  Overlord  
  55  4:17  Drone  
  55  4:22  Overlord  
  55  4:24  Queen  
  57  4:37  Queen  
  57  4:45  Roach x6  
  69  4:50  Roach x2  
  73  4:58  Zergling x10  
  74  5:06  Zergling x6  
  73  5:13  Zergling x6  
  76  5:18  Zergling x4  
  78  5:21  Zergling x2  
  79  5:28  Overlord x2  
  79  5:37  Ravager x2  
  79  5:41  Ravager  
  82  5:46  Queen  
  82  5:47  Ravager  
  82  5:48  Ravager  
  82  5:49  Zergling x8  
  89  5:52  Ravager  
  89  5:55  Overlord  
  86  6:05  Zergling x10  
  86  6:10  Ravager  
  81  6:12  Zergling x6  
  84  6:19  Zergling x2  
  84  6:20  Zergling x4  
  86  6:26  Zergling x6  
  83  6:36  Roach x2  
  85  6:41  Lair  
  85  6:46  Drone  
  85  6:47  Drone x2  
  83  6:51  Drone  
  83  6:53  Drone x2  
  86  6:57  Ravager x2  
  86  7:00  Drone x3  
  86  7:21  Drone x8  
  86  7:22  Queen  
  93  7:31  Drone  
  93  7:33  Drone x2  
  93  7:34  Drone x3  
  99  7:37  Extractor  
  99  7:41  Evolution Chamber  
  99  7:42  Queen  
  99  7:44  Drone  
  99  7:45  Drone  
  99  7:46  Drone  
  99  7:48  Glial Reconstitution  
  102  7:51  Baneling Nest  
  102  7:54  Drone x2  
  103  7:58  Drone  
  103  8:01  Extractor  
  103  8:08  Extractor  
  103  8:09  Drone x3  
  103  8:10  Zerg Melee Weapons Level 1  
  105  8:18  Hatchery  
  104  8:25  Overlord  
  101  8:29  Roach x2  
  101  8:32  Overlord x2  
  104  8:52  Centrifical Hooks  
  100  8:59  Drone x8  
  100  9:00  Drone x5  
  110  9:07  Drone x2  
  110  9:08  Drone x3  
  115  9:14  Ravager x2  
  115  9:15  Roach  
  119  9:17  Roach x2  
  119  9:18  Roach x2  
  119  9:24  Zergling x2  
  128  9:31  Zergling x8  
  132  9:38  Zergling x4  
  132  9:42  Zergling x4  
  132  9:44  Overlord x5  
  136  9:48  Spire  
  136  9:51  Baneling x8  
  135  9:57  Baneling  
  135  9:58  Baneling x3  
  135  10:01  Ravager  
  135  10:03  Zergling x12  
  135  10:04  Zergling x6  
  145  10:08  Overseer  
  145  10:11  Zergling x14  
  152  10:18  Zergling x12  
  152  10:20  Ravager x2  
  152  10:21  Ravager x2  
  162  10:22  Hatchery, Zergling x2  
  162  10:33  Zergling x10  
  150  10:43  Roach x4  
  150  10:49  Zergling x14  
  161  10:55  Overlord x2  
  161  10:58  Baneling x9  
  175  11:13  Baneling x2  
  175  11:17  Zergling x10  
  164  11:19  Ravager x4  
  164  11:23  Baneling  
  164  11:24  Baneling x17  
  164  11:25  Zergling x12  
  174  11:29  Zergling x6  
  174  11:30  Zergling x8  
  181  11:34  Mutalisk  
  181  11:37  Mutalisk  
Show
View Real Time Build Order
Export as new Build Order

Ranger Protoss 

Build Orders: 1 Gate Expand, Oracle Opening 

Get SALT Encoding   

  12  0:00  Probe  
  13  0:12  Probe  
  14  0:19  Pylon  
  14  0:24  Probe  
  15  0:37  Probe (Chrono Boost)  
  15  0:38  Gateway  
  16  0:46  Probe (Chrono Boost), Assimilator  
  17  0:51  Probe (Chrono Boost)  
  18  1:03  Probe  
  19  1:15  Probe  
  20  1:25  Nexus  
  20  1:34  Cybernetics Core  
  20  1:39  Assimilator  
  20  1:42  Probe  
  21  1:49  Pylon  
  21  1:54  Probe  
  22  2:07  Probe, Adept (Chrono Boost)  
  25  2:18  Stargate  
  25  2:19  Probe  
  26  2:25  Warp Gate  
  26  2:30  Adept  
  26  2:34  Probe (Chrono Boost)  
  30  2:37  Probe (Chrono Boost)  
  30  2:46  Probe (Chrono Boost)  
  30  2:48  Probe (Chrono Boost)  
  32  2:52  Probe (Chrono Boost)  
  32  2:53  Probe (Chrono Boost), Gateway  
  34  2:59  Probe  
  34  3:01  Void Ray (Chrono Boost)  
  34  3:04  Probe  
  40  3:14  Adept  
  40  3:16  Probe  
  43  3:21  Pylon  
  43  3:22  Probe  
  44  3:28  Probe  
  45  3:35  Probe  
  45  3:36  Oracle (Chrono Boost)  
  45  3:38  Pylon  
  49  3:41  Probe  
  50  3:49  Probe  
  51  3:57  Probe  
  51  4:02  Nexus  
  52  4:03  Probe  
  52  4:04  Pylon  
  52  4:08  Robotics Facility  
  53  4:11  Probe  
  53  4:16  Assimilator  
  54  4:19  Pylon  
  54  4:20  Assimilator  
  54  4:22  Probe  
  54  4:24  Adept  
  57  4:25  Sentry  
  57  4:26  Probe  
  60  4:40  Probe x2  
  62  4:45  Stalker  
  62  4:47  Gateway  
  62  4:50  Gateway  
  62  4:52  Gateway  
  60  5:08  Probe x2  
  60  5:09  Stalker x2  
  60  5:10  Immortal (Chrono Boost)  
  68  5:18  Probe, Shield Battery  
  68  5:20  Probe  
  68  5:24  Pylon  
  68  5:25  Gateway  
  68  5:28  Shield Battery  
  68  5:30  Probe  
  68  5:32  Shield Battery  
  68  5:35  Sentry x2  
  73  5:42  Shield Battery x2, Zealot  
  75  5:44  Warp Prism (Chrono Boost)  
  75  5:51  Sentry  
  75  5:52  Stalker  
  79  6:00  Zealot x2  
  79  6:02  Zealot  
  71  6:13  Immortal  
  71  6:15  Zealot  
  71  6:17  Zealot  
  75  6:22  Zealot  
  75  6:24  Zealot x2  
  79  6:29  Zealot  
  66  6:40  Zealot  
  66  6:44  Robotics Bay  
  66  6:45  Zealot x3  
  62  6:49  Sentry  
  62  6:50  Sentry  
  66  6:55  Twilight Council  
  66  6:59  Shield Battery  
  66  7:10  Pylon  
  66  7:13  Shield Battery  
  62  7:17  Immortal (Chrono Boost)  
  62  7:18  Adept x2  
  62  7:21  Adept  
  70  7:27  Sentry  
  70  7:28  Probe  
  73  7:31  Blink (Chrono Boost)  
  73  7:42  Adept x2  
  73  7:43  Zealot  
  79  7:46  Disruptor (Chrono Boost)  
  82  7:53  Pylon  
  82  7:54  Pylon  
  82  7:56  Sentry  
  84  8:08  Nexus  
  84  8:10  Zealot  
  86  8:14  Shield Battery  
  86  8:16  Disruptor (Chrono Boost)  
  89  8:28  Stalker x2  
  93  8:48  Disruptor  
  92  8:59  Stalker x5  
  92  9:00  Phoenix, Stalker  
  98  9:11  Gateway  
  98  9:13  Gateway  
  98  9:16  Charge (Chrono Boost)  
  98  9:17  Pylon  
  98  9:18  Observer  
  98  9:21  Probe  
  98  9:23  Probe  
  100  9:28  Probe  
  100  9:29  Stalker  
  104  9:35  Forge  
  105  9:38  Probe (Chrono Boost)  
  105  9:39  Zealot  
  105  9:41  Probe (Chrono Boost)  
  108  9:49  Probe (Chrono Boost)  
  109  9:53  Shield Battery  
  109  9:54  Disruptor  
  109  9:58  Robotics Facility  
  112  10:00  Zealot  
  112  10:04  Adept  
  116  10:09  Stalker  
  116  10:10  Stalker  
  120  10:16  Stalker  
  120  10:20  Pylon  
  122  10:23  Pylon  
  122  10:25  Assimilator  
  122  10:30  Assimilator  
  91  10:51  Stalker x8  
  91  10:56  Probe  
  109  10:57  Probe, Disruptor (Chrono Boost)  
  109  11:01  Disruptor (Chrono Boost)  
  115  11:08  Probe  
  115  11:10  Probe  
  117  11:19  Stalker x2  
  117  11:20  Stalker  
  123  11:28  Sentry  
  123  11:29  Stalker, Sentry  
  123  11:32  Stalker  
  131  11:45  Zealot  
  126  11:55  Pylon  
Tags
 
Add a new tag
Caveats
  • Supply blocks, unpowered buildings, or Contaminate may cause inaccurate times.
  • Supply counts are checked every 10 seconds.